 Dungeon Crawl Stone Soup version 0.29.0-4-gdea44cf6ec (webtiles) character file.

Game seed: 15187276232608253751

19170 qw the Brawler (level 12, -2/114 HPs)
             Began as a Troll Cinder Acolyte on Sept 1, 2022.
             Was a Follower of Ignis.
             Slain by a purple very ugly thing (28 damage)
             ... on level 2 of the Abyss.
             The game lasted 00:06:18 (9342 turns).

qw the Brawler (Troll Cinder Acolyte)               Turns: 9342, Time: 00:06:19

Health: -2/114     AC: 16    Str: 27    XL:     12   Next: 34%
Magic:  12/12      EV:  8    Int: 12    God:    Ignis [*.....]
Gold:   376        SH:  9    Dex:  5    Spells: 13/13 levels left

rFire   + . .      SeeInvis +     - Unarmed
rCold   . . .      Faith    .   r - +0 kite shield {AC+3}
rNeg    . . .      Spirit   .   i - +2 robe of the Great Game {Rampage Fly Str-2 Slay+2}
rPois   +          Reflect  .   (helmet restricted)
rElec   .          Harm     .   (no cloak)
rCorr   .          Rampage  +   (gloves unavailable)
Will    +....                   (boots unavailable)
Stlth   +.........              h - amulet of the Grinning Augurer {Will+ Regen+ Int+2}
HPRegen 1.09/turn               a - ring of see invisible
MPRegen 0.13/turn               j - ring of poison resistance

@: on fire, fiery-armoured, flying, glowing
A: large, unfitting armour, claws 3, regeneration 1, shaggy fur 1, tough skin 1
a: Renounce Religion, Fiery Armour, Foxfire Swarm, Rising Flame


You were on level 2 of the Abyss.
You worshipped Ignis.
Ignis was aware of your devotion.
You visited 1 branch of the dungeon, and saw 10 of its levels.
You visited the Abyss 1 time.

You collected 985 gold pieces.
You spent 609 gold pieces at shops.


Innate Abilities, Weirdness & Mutations

You are too large for most types of armour.
You have claws for hands.
Your natural rate of healing is unusually fast.
You are covered in fur. (AC +1)
You have tough skin. (AC +1)


   Skills:
 - Level 6.2 Fighting
 - Level 2.7 Throwing
 - Level 1.2 Dodging
 + Level 10.5 Shields
 - Level 15.4 Unarmed Combat
 - Level 1.0 Spellcasting
 - Level 2.1 Fire Magic


You had 13 spell levels left.
You didn't know any spells.
Your spell library contained the following spells:

 Spells                   Type           Power      Damage    Failure   Level
 Scorch                   Fire           10%        2d6       32%         2

Inventory:

Missiles
 p - 3 boomerangs (quivered)
Armour
 i - the +2 robe of the Great Game (worn) {Rampage Fly Str-2 Slay+2}
   (You found it on level 8 of the Dungeon)

   Str:       It affects your strength (-2).
   Slay:      It affects your accuracy & damage with ranged weapons and melee
   (+2).
   Fly:       It grants you flight.
   Rampage:   It bestows one free step when moving towards enemies.
 r - a +0 kite shield of protection (worn)
 t - a +0 troll leather armour
Jewellery
 a - a ring of see invisible (left claw)
 g - a +4 ring of evasion
 h - the amulet of the Grinning Augurer (around neck) {Will+ Regen+ Int+2}
   (You took it off an orc knight on level 10 of the Dungeon)

   [amulet of regeneration]

   Int:       It affects your intelligence (+2).
   Regen:     It increases your rate of health regeneration.
   Will:      It increases your willpower.
 j - a ring of poison resistance (right claw)
 l - the ring "Zuloar" {Str+6 Int+4}
   (You bought it in a shop on level 5 of the Dungeon)

   [ring of strength]

   Str:       It affects your strength (+6).
   Int:       It affects your intelligence (+4).
 m - a ring of poison resistance
Scrolls
 c - 7 scrolls of enchant weapon
 d - a scroll of enchant armour
 e - 12 scrolls of identify
Potions
 b - 4 potions of might
 f - a potion of mutation
 k - 2 potions of cancellation
 n - 2 potions of resistance

Dungeon Overview and Level Annotations

Branches:
Dungeon (10/15)            Temple (0/1) D:7             Orc (0/2) D:9
   Lair: D:8-11

Altars:
Ashenzari
Gozag
Qazlal
Sif Muna
Trog
Wu Jian

Shops:
D:5 *   D:8 =   D:9 :?*

Annotations:
D:1 1 runed translucent door
D:6 1 runed translucent door, Crazy Yiuf


Message History

The red very ugly thing tentacle-slaps you but does no damage.
The red very ugly thing completely resists.
You mangle the red very ugly thing!!
The red very ugly thing is almost dead.
A red very ugly thing comes into view.
You block the red very ugly thing's attack.
9334 ||| Stepping ~*~*~tactically~*~*~ (outnumbered).
The red very ugly thing attacks as you move away!
The red very ugly thing tail-slaps you but does no damage.
The red very ugly thing completely resists.
You scratch the red very ugly thing.
The red very ugly thing is lightly wounded.
The red very ugly thing tail-slaps you but does no damage.
The red very ugly thing completely resists.
You eviscerate the red very ugly thing!!!
The red very ugly thing is heavily wounded.
You mangle the red very ugly thing!!
The red very ugly thing is heavily wounded.
The red very ugly thing tail-slaps you but does no damage.
The red very ugly thing completely resists.
9338 ||| Stepping ~*~*~tactically~*~*~ (outnumbered).
You scratch the red very ugly thing.
The red very ugly thing is severely wounded.
You block the purple very ugly thing's attack.
You block the red very ugly thing's attack.
You closely miss the red very ugly thing.
The red very ugly thing is severely wounded.
The purple very ugly thing kicks you. The red very ugly thing gores you!
You are covered in liquid flames.
You are covered in liquid flames!
The red very ugly thing completely resists.
You claw the red very ugly thing!
The red very ugly thing is severely wounded.
You are covered in liquid flames!
You block the red very ugly thing's attack.
You claw the red very ugly thing!
The red very ugly thing is almost dead.
You are covered in liquid flames!
The purple very ugly thing kicks you!!
You die...

# ..##...# ..
..## ..#.. .. #.#
...#.# #. . ...
#.#.####. . .
#..##.#..#..# . .
...#.#...#... ..#
.._..#..#...
......#uu.#.#....
##...#@#.#. .. .
. # ###uu# # ..
## # ##....# #
..#.... ..#..
#... # ..#. ###


You could see 4 very ugly things.

Vanquished Creatures
  An ogre mage (D:8)
  A hydra (D:7)
  Erica (D:8)
  3 centaur warriors
  4 two-headed ogres
  2 tengu warriors (D:8)
  2 starcursed masses (Abyss:2)
  An orc knight (D:10)
  An ugly thing (D:7)
  A gargoyle (D:7)
  A smoke demon (Abyss:2)
  A freezing wraith (D:7)
  4 trolls
  3 slime creatures
  Sigmund (D:3)
  A culicivora (shapeshifter) (D:10)
  6 yaks
  A wraith (D:8)
  A wyvern (D:8)
  A steam dragon (D:8)
  2 vampire mosquitoes (D:10)
  A large abomination (Abyss:2)
  2 acid dragons
  2 water moccasins
  An ice beast (D:7)
  6 orc warriors
  2 black bears
  6 ogres
  4 centaurs
  A phantom (D:4)
  7 kobold brigands
  7 bullfrogs
  2 necrophages
  4 gnoll sergeants (D:9)
  A scorpion (D:5)
  11 wights
  4 killer bees (D:8)
  4 howler monkeys
  An electric eel (D:6)
  A gnoll bouda (D:7)
  4 hounds
  7 orc priests
  5 jellies
  5 iguanas
  Terence (D:3)
  Natasha (twice) (D:3)
  14 orc wizards
  3 gnolls (D:6)
  5 adders
  A shadow imp (D:6)
  An ufetubus (D:4)
  3 worms
  10 dart slugs
  51 orcs
  9 ball pythons
  4 bats
  4 endoplasms
  2 giant cockroaches
  6 goblins
  8 hobgoblins
  8 jackals
  17 kobolds
  A quokka (D:2)
  3 frilled lizards (D:1)
  5 rats
285 creatures vanquished.

Vanquished Creatures (others)
  A bush (D:7)
1 creature vanquished.

Grand Total: 286 creatures vanquished

Notes
Turn   | Place    | Note
-------+----------+-------------------------------------------
     0 | D:1      | qw the Troll Cinder Acolyte began the quest for the Orb.
     0 | D:1      | Reached XP level 1. HP: 22/22 MP: 1/1
     0 | D:1      | Noticed a jelly
     0 | D:1      | 0 ||| qw: Version: 0.1-a-97-g2dd2ca4
     0 | D:1      | 0 ||| qw: Game counter: 4769
     0 | D:1      | 0 ||| qw: Always use a shield: true
     0 | D:1      | 0 ||| qw: God list: Okawaru
     0 | D:1      | 0 ||| qw: Allow faded altars: false
     0 | D:1      | 0 ||| qw: Do Orc after D:15 true
     0 | D:1      | 0 ||| qw: Do second Lair branch before Depths: true
     0 | D:1      | 0 ||| qw: Lair rune preference: random
     0 | D:1      | 0 ||| qw: Plans: Normal
     0 | D:1      | 0 ||| PLANNING D:1-11
     0 | D:1      | Noticed a jelly
     1 | D:1      | Found a runed translucent door.
    56 | D:1      | 56 ||| Stepping ~*~*~tactically~*~*~ (outnumbered).
    57 | D:1      | 57 ||| Stepping ~*~*~tactically~*~*~ (outnumbered).
    59 | D:1      | 59 ||| Stepping ~*~*~tactically~*~*~ (outnumbered).
   244 | D:1      | Reached XP level 2. HP: 29/29 MP: 2/2
   265 | D:1      | 265 ||| Stepping ~*~*~tactically~*~*~ (stealth).
   266 | D:1      | 266 ||| Stepping ~*~*~tactically~*~*~ (stealth).
   267 | D:1      | 267 ||| Stepping ~*~*~tactically~*~*~ (stealth).
   278 | D:1      | Found a faded altar of an unknown god.
   316 | D:1      | 316 ||| Stepping ~*~*~tactically~*~*~ (stealth).
   317 | D:1      | 317 ||| Stepping ~*~*~tactically~*~*~ (stealth).
   490 | D:1      | 490 ||| Stepping ~*~*~tactically~*~*~ (stealth).
   491 | D:1      | 491 ||| Stepping ~*~*~tactically~*~*~ (stealth).
   492 | D:1      | 492 ||| Stepping ~*~*~tactically~*~*~ (stealth).
   497 | D:1      | 497 ||| Stepping ~*~*~tactically~*~*~ (outnumbered).
   498 | D:1      | 498 ||| Stepping ~*~*~tactically~*~*~ (outnumbered).
   499 | D:1      | 499 ||| Stepping ~*~*~tactically~*~*~ (outnumbered).
   500 | D:1      | 500 ||| Stepping ~*~*~tactically~*~*~ (outnumbered).
   501 | D:1      | 501 ||| Stepping ~*~*~tactically~*~*~ (outnumbered).
   503 | D:1      | Reached skill level 4 in Unarmed Combat
   935 | D:1      | 935 ||| READING 4 scrolls labelled URUWUGRIOF.
   936 | D:1      | 936 ||| READING 3 scrolls labelled TAGHATH QET ECKON.
   937 | D:1      | 937 ||| READING scroll labelled KIDWUW ITAGOE.
   938 | D:1      | 938 ||| READING scroll labelled MATIMUDDAY.
   939 | D:1      | 939 ||| READING 3 scrolls of identify.
   939 | D:1      | 939 ||| IDENTIFYING bubbling sapphire potion
   940 | D:1      | 940 ||| READING 2 scrolls of identify.
   940 | D:1      | 940 ||| IDENTIFYING golden potion
   941 | D:1      | 941 ||| DROPPING potion of degeneration.
   942 | D:1      | 942 ||| DROPPING 2 scrolls of magic mapping.
   994 | D:2      | Reached XP level 3. HP: 36/36 MP: 3/3
  1002 | D:2      | 1002 ||| Stepping ~*~*~tactically~*~*~ (hiding).
  1709 | D:2      | 1709 ||| READING 3 scrolls labelled EWITTYP FECIHA.
  1712 | D:2      | 1712 ||| READING scroll labelled WUBIAXK QO JOTH.
  1713 | D:2      | 1713 ||| READING 2 scrolls of identify.
  1713 | D:2      | 1713 ||| IDENTIFYING viscous puce potion
  1736 | D:3      | Noticed Natasha
  1737 | D:3      | 1737 ||| Stepping ~*~*~tactically~*~*~ (hiding).
  1745 | D:3      | 1745 ||| INVOKING Fiery Armour.
  1749 | D:3      | Killed Natasha
  1807 | D:3      | Reached skill level 5 in Unarmed Combat
  1807 | D:3      | Reached XP level 4. HP: 44/44 MP: 4/4
  1858 | D:3      | Found a bloodstained altar of Trog.
  1860 | D:3      | Noticed Sigmund
  1861 | D:3      | 1861 ||| Stepping ~*~*~tactically~*~*~ (hiding).
  1872 | D:3      | Killed Sigmund
  1873 | D:3      | Reached skill level 6 in Unarmed Combat
  1873 | D:3      | Reached XP level 5. HP: 48/50 MP: 5/5
  2045 | D:3      | Noticed Natasha
  2046 | D:3      | 2046 ||| Stepping ~*~*~tactically~*~*~ (hiding).
  2052 | D:3      | Killed Natasha
  2053 | D:3      | Reached XP level 6. HP: 54/59 MP: 6/6
  2123 | D:3      | 2123 ||| Stepping ~*~*~tactically~*~*~ (stealth).
  2132 | D:3      | Noticed Terence
  2147 | D:3      | Killed Terence
  2148 | D:3      | Reached skill level 7 in Unarmed Combat
  2285 | D:3      | Found an opulent altar of Gozag.
  2475 | D:3      | 2475 ||| UPGRADING to +2 robe of willpower.
  2485 | D:3      | 2485 ||| DROPPING +0 robe.
  2486 | D:3      | 2486 ||| READING scroll labelled KIASME TULO.
  2487 | D:3      | 2487 ||| READING scroll labelled CONASI FAMN.
  2488 | D:3      | 2488 ||| DRINKING 2 smoky coppery potions.
  2489 | D:3      | 2489 ||| READING 3 scrolls of identify.
  2489 | D:3      | 2489 ||| IDENTIFYING viscous brown potion
  2490 | D:3      | 2490 ||| READING 2 scrolls of identify.
  2490 | D:3      | 2490 ||| IDENTIFYING smoky purple potion
  2491 | D:3      | 2491 ||| DROPPING potion of flight.
  2558 | D:4      | 2558 ||| STAIRDANCE
  2564 | D:4      | 2564 ||| INVOKING Fiery Armour.
  2572 | D:4      | 2572 ||| Stepping ~*~*~tactically~*~*~ (outnumbered).
  2574 | D:4      | 2574 ||| STAIRDANCE
  2581 | D:4      | 2581 ||| Stepping ~*~*~tactically~*~*~ (outnumbered).
  2583 | D:4      | 2583 ||| Stepping ~*~*~tactically~*~*~ (outnumbered).
  2585 | D:4      | 2585 ||| Stepping ~*~*~tactically~*~*~ (outnumbered).
  2588 | D:4      | 2588 ||| Stepping ~*~*~tactically~*~*~ (outnumbered).
  2590 | D:4      | 2590 ||| Stepping ~*~*~tactically~*~*~ (outnumbered).
  2594 | D:4      | 2594 ||| Stepping ~*~*~tactically~*~*~ (outnumbered).
  2596 | D:4      | 2596 ||| Stepping ~*~*~tactically~*~*~ (outnumbered).
  2598 | D:4      | 2598 ||| Stepping ~*~*~tactically~*~*~ (outnumbered).
  2720 | D:4      | 2720 ||| Stepping ~*~*~tactically~*~*~ (stealth).
  2733 | D:4      | 2733 ||| Stepping ~*~*~tactically~*~*~ (stealth).
  2910 | D:4      | 2910 ||| Stepping ~*~*~tactically~*~*~ (stealth).
  2911 | D:4      | 2911 ||| Stepping ~*~*~tactically~*~*~ (stealth).
  3063 | D:4      | 3063 ||| Stepping ~*~*~tactically~*~*~ (stealth).
  3064 | D:4      | 3064 ||| Stepping ~*~*~tactically~*~*~ (stealth).
  3068 | D:4      | 3068 ||| Stepping ~*~*~tactically~*~*~ (outnumbered).
  3069 | D:4      | 3069 ||| Stepping ~*~*~tactically~*~*~ (outnumbered).
  3070 | D:4      | 3070 ||| Stepping ~*~*~tactically~*~*~ (outnumbered).
  3075 | D:4      | Reached skill level 8 in Unarmed Combat
  3075 | D:4      | Reached XP level 7. HP: 52/66 MP: 7/7
  3236 | D:4      | 3236 ||| Stepping ~*~*~tactically~*~*~ (stealth).
  3315 | D:4      | 3315 ||| DROPPING ring of flight.
  3316 | D:4      | 3316 ||| READING scroll labelled EPOQOA UREZXIU.
  3347 | D:4      | 3347 ||| READING 2 scrolls labelled RIOBAXTAUM.
  3348 | D:4      | 3348 ||| DRINKING 2 grey potions.
  3349 | D:4      | 3349 ||| READING 4 scrolls of identify.
  3349 | D:4      | 3349 ||| IDENTIFYING fizzy purple potion
  3350 | D:4      | 3350 ||| DROPPING potion of brilliance.
  3351 | D:4      | 3351 ||| DROPPING scroll of noise.
  3382 | D:5      | Entered Level 5 of the Dungeon
  3385 | D:5      | 3385 ||| Stepping ~*~*~tactically~*~*~ (hiding).
  3396 | D:5      | Reached skill level 3 in Fighting
  3400 | D:5      | 3400 ||| FLEEEEING.
  3401 | D:5      | 3401 ||| FLEEEEING.
  3402 | D:5      | 3402 ||| STAIRDANCE
  3419 | D:5      | 3419 ||| STAIRDANCE
  3544 | D:5      | 3544 ||| Stepping ~*~*~tactically~*~*~ (stealth).
  3546 | D:5      | 3546 ||| Stepping ~*~*~tactically~*~*~ (stealth).
  3555 | D:5      | Reached skill level 9 in Unarmed Combat
  3629 | D:5      | Reached skill level 1 in Dodging
  3660 | D:5      | Reached XP level 8. HP: 75/75 MP: 8/8
  3812 | D:5      | 3812 ||| Stepping ~*~*~tactically~*~*~ (hiding).
  3876 | D:5      | Reached skill level 1 in Throwing
  3932 | D:5      | Found Cidy's Assorted Antiques.
  4011 | D:5      | 4011 ||| UPGRADING to ring of see invisible.
  4041 | D:5      | 4041 ||| READING 4 scrolls of teleportation.
  4042 | D:5      | 4042 ||| STAIRDANCE
  4148 | D:6      | Reached skill level 10 in Unarmed Combat
  4200 | D:6      | 4200 ||| INVOKING Fiery Armour.
  4284 | D:6      | 4284 ||| Stepping ~*~*~tactically~*~*~ (stealth).
  4288 | D:6      | 4288 ||| Stepping ~*~*~tactically~*~*~ (hiding).
  4298 | D:6      | 4298 ||| INVOKING Fiery Armour.
  4411 | D:6      | Found a runed translucent door.
  4412 | D:6      | Noticed Crazy Yiuf
  4438 | D:6      | 4438 ||| Stepping ~*~*~tactically~*~*~ (hiding).
  4440 | D:6      | 4440 ||| Stepping ~*~*~tactically~*~*~ (hiding).
  4441 | D:6      | 4441 ||| Stepping ~*~*~tactically~*~*~ (hiding).
  4442 | D:6      | 4442 ||| Stepping ~*~*~tactically~*~*~ (hiding).
  4450 | D:6      | 4450 ||| FLEEEEING.
  4451 | D:6      | 4451 ||| FLEEEEING.
  4452 | D:6      | 4452 ||| FLEEEEING.
  4453 | D:6      | 4453 ||| FLEEEEING.
  4454 | D:6      | 4454 ||| FLEEEEING.
  4455 | D:6      | 4455 ||| FLEEEEING.
  4456 | D:6      | 4456 ||| FLEEEEING.
  4457 | D:6      | 4457 ||| FLEEEEING.
  4458 | D:6      | 4458 ||| FLEEEEING.
  4466 | D:6      | 4466 ||| Stepping ~*~*~tactically~*~*~ (outnumbered).
  4467 | D:6      | 4467 ||| Stepping ~*~*~tactically~*~*~ (outnumbered).
  4556 | D:6      | Reached skill level 11 in Unarmed Combat
  4556 | D:6      | Reached XP level 9. HP: 85/85 MP: 9/9
  4805 | D:6      | 4805 ||| UPGRADING to ring of poison resistance.
  4834 | D:5      | 4834 ||| BUYING 3 scrolls of identify (144 gold).
  4834 | D:5      | Bought 3 scrolls of identify for 144 gold pieces
  4834 | D:5      | 4834 ||| BUYING brightly glowing bronze ring (120 gold).
  4834 | D:5      | Bought a brightly glowing bronze ring for 120 gold pieces
  4834 | D:5      | Identified the ring "Zuloar" {Str+6 Int+4} (You bought it
                  | in a shop on level 5 of the Dungeon)
  4834 | D:5      | 4834 ||| BUYING scroll labelled EGUEPE JEHOHEF (24 gold).
  4834 | D:5      | Bought a scroll labelled EGUEPE JEHOHEF for 24 gold pieces
  4834 | D:5      | 4834 ||| SHOPLISTING scroll of enchant weapon (180 gold,
                  | have 9).
  4834 | D:5      | 4834 ||| SHOPLISTING scroll of identify (48 gold, have 9).
  4834 | D:5      | 4834 ||| SHOPLISTING smoky red potion (21 gold, have 9).
  4834 | D:5      | 4834 ||| READING scroll labelled EGUEPE JEHOHEF.
  4950 | D:7      | Found a shimmering blue altar of Sif Muna.
  5110 | D:7      | Identified the +5 quarterstaff "Betuth" {distort, Fly rF-
                  | Int+4}
  5115 | D:7      | 5115 ||| Stepping ~*~*~tactically~*~*~ (hiding).
  5116 | D:7      | 5116 ||| Stepping ~*~*~tactically~*~*~ (hiding).
  5127 | D:7      | 5127 ||| Stepping ~*~*~tactically~*~*~ (stealth).
  5281 | D:7      | Found a staircase to the Ecumenical Temple.
  5356 | D:7      | 5356 ||| Stepping ~*~*~tactically~*~*~ (hiding).
  5364 | D:7      | Reached skill level 12 in Unarmed Combat
  5510 | D:7      | Found a stormy altar of Qazlal.
  5718 | D:7      | 5718 ||| READING 3 scrolls of teleportation.
  5719 | D:7      | 5719 ||| STAIRDANCE
  5807 | D:7      | 5807 ||| READING 2 scrolls of teleportation.
  5808 | D:7      | 5808 ||| STAIRDANCE
  5894 | D:8      | 5894 ||| Stepping ~*~*~tactically~*~*~ (stealth).
  5908 | D:8      | 5908 ||| Stepping ~*~*~tactically~*~*~ (outnumbered).
  5909 | D:8      | 5909 ||| Stepping ~*~*~tactically~*~*~ (outnumbered).
  5910 | D:8      | 5910 ||| STAIRDANCE
  5912 | D:7      | 5912 ||| Stepping ~*~*~tactically~*~*~ (outnumbered).
  5953 | D:8      | 5953 ||| Stepping ~*~*~tactically~*~*~ (outnumbered).
  6028 | D:8      | Found a flagged portal.
  6081 | D:8      | 6081 ||| Stepping ~*~*~tactically~*~*~ (hiding).
  6084 | D:8      | 6084 ||| Stepping ~*~*~tactically~*~*~ (outnumbered).
  6086 | D:8      | 6086 ||| Stepping ~*~*~tactically~*~*~ (outnumbered).
  6106 | D:8      | 6106 ||| FLEEEEING.
  6107 | D:8      | 6107 ||| FLEEEEING.
  6111 | D:8      | 6111 ||| FLEEEEING.
  6112 | D:8      | 6112 ||| FLEEEEING.
  6115 | D:8      | 6115 ||| STAIRDANCE
  6127 | D:7      | 6127 ||| READING scroll labelled DONURI UTOFE.
  6234 | D:8      | Reached skill level 13 in Unarmed Combat
  6266 | D:8      | Identified the +4 quarterstaff of the Freezing Pill Bug
                  | {freeze, +Blink Int-5 SInv}
  6266 | D:8      | Noticed Erica
  6267 | D:8      | 6267 ||| DRINKING potion of curing.
  6267 | D:8      | 6267 ||| (to cure confusion)
  6268 | D:8      | 6268 ||| INVOKING Fiery Armour.
  6275 | D:8      | Killed Erica
  6276 | D:8      | Reached XP level 10. HP: 82/96 MP: 10/10
  6400 | D:8      | Found Cuklam's One-of-a-Kind Rings.
  6406 | D:8      | 6406 ||| SHOPLISTING +8 ring of strength (715 gold, have
                  | 57).
  6406 | D:8      | 6406 ||| SHOPLISTING ring "Zosorgh" {rElec AC+4 Str+4
                  | Slay-3} (595 gold, have 57).
  6487 | D:8      | 6487 ||| Stepping ~*~*~tactically~*~*~ (outnumbered).
  6489 | D:8      | 6489 ||| FLEEEEING.
  6511 | D:8      | Identified the +2 robe of the Great Game {Rampage Fly Str-2
                  | Slay+2}
  6548 | D:8      | 6548 ||| Stepping ~*~*~tactically~*~*~ (stealth).
  6628 | D:8      | 6628 ||| Stepping ~*~*~tactically~*~*~ (outnumbered).
  6630 | D:8      | 6630 ||| Stepping ~*~*~tactically~*~*~ (outnumbered).
  6685 | D:8      | Reached skill level 14 in Unarmed Combat
  6790 | D:8      | Noticed an ogre mage
  6794 | D:8      | 6794 ||| Stepping ~*~*~tactically~*~*~ (outnumbered).
  6804 | D:8      | Killed an ogre mage
  6805 | D:8      | Reached skill level 6 in Fighting
  6836 | D:8      | Noticed a boulder beetle
  6889 | D:8      | Noticed a tengu warrior
  6897 | D:8      | 6897 ||| INVOKING Fiery Armour.
  6899 | D:8      | HP: 14/98 [tengu warrior/+0 broad axe (18)]
  6900 | D:8      | 6900 ||| READING scroll of teleportation.
  6900 | D:8      | HP: 6/98 [tengu warrior/+0 broad axe (5)]
  6901 | D:8      | 6901 ||| DRINKING 4 potions of heal wounds.
  6901 | D:8      | Killed a tengu warrior
  6982 | D:8      | Identified the +4 ring mail "Waewext" {Rampage *Corrode
                  | rC+++ Int-4 SInv}
  7039 | D:8      | 7039 ||| Stepping ~*~*~tactically~*~*~ (hiding).
  7040 | D:8      | 7040 ||| Stepping ~*~*~tactically~*~*~ (hiding).
  7117 | D:8      | Noticed a two-headed ogre
  7122 | D:8      | 7122 ||| INVOKING Fiery Armour.
  7125 | D:8      | HP: 12/98 [two-headed ogre/+0 giant club (21)]
  7126 | D:8      | 7126 ||| DRINKING 3 potions of heal wounds.
  7127 | D:8      | Killed a two-headed ogre
  7128 | D:8      | Reached skill level 15 in Unarmed Combat
  7196 | D:8      | Noticed a tengu warrior
  7200 | D:8      | Killed a tengu warrior
  7221 | D:8      | Noticed a centaur warrior
  7228 | D:8      | Killed a centaur warrior
  7229 | D:8      | Reached XP level 11. HP: 105/105 MP: 11/11
  7366 | D:8      | 7366 ||| UPGRADING to +2 robe of the Great Game {Rampage
                  | Fly Str-2 Slay+2}.
  7376 | D:8      | 7376 ||| DROPPING +2 robe of willpower.
  7377 | D:8      | 7377 ||| UPGRADING to +0 kite shield.
  7382 | D:8      | 7382 ||| UPGRADING to +0 kite shield of protection.
  7392 | D:8      | 7392 ||| DROPPING +0 kite shield.
  7393 | D:8      | 7393 ||| DROPPING ring of ice.
  7394 | D:8      | 7394 ||| READING scroll labelled GEBROEXT HUWE.
  7395 | D:8      | 7395 ||| READING 9 scrolls of identify.
  7395 | D:8      | 7395 ||| IDENTIFYING white potion
  7396 | D:8      | 7396 ||| DROPPING potion of ambrosia.
  7434 | D:7      | Noticed an eight-headed hydra
  7435 | D:7      | 7435 ||| INVOKING Fiery Armour.
  7436 | D:7      | 7436 ||| Stepping ~*~*~tactically~*~*~ (stealth).
  7438 | D:7      | Killed a ten-headed hydra
  7462 | D:7      | Noticed a purple ugly thing
  7462 | D:7      | Noticed a two-headed ogre
  7463 | D:7      | 7463 ||| Stepping ~*~*~tactically~*~*~ (outnumbered).
  7467 | D:7      | 7467 ||| Stepping ~*~*~tactically~*~*~ (hiding).
  7473 | D:7      | 7473 ||| Stepping ~*~*~tactically~*~*~ (outnumbered).
  7475 | D:7      | 7475 ||| Stepping ~*~*~tactically~*~*~ (outnumbered).
  7476 | D:7      | 7476 ||| Stepping ~*~*~tactically~*~*~ (outnumbered).
  7477 | D:7      | 7477 ||| Stepping ~*~*~tactically~*~*~ (outnumbered).
  7479 | D:7      | Killed a two-headed ogre
  7480 | D:7      | Reached skill level 3 in Shields
  7480 | D:7      | 7480 ||| Stepping ~*~*~tactically~*~*~ (outnumbered).
  7481 | D:7      | 7481 ||| Stepping ~*~*~tactically~*~*~ (outnumbered).
  7486 | D:7      | Killed a purple ugly thing
  7492 | D:7      | HP: 19/105 [freezing wraith (10)]
  7493 | D:7      | 7493 ||| DRINKING 2 potions of heal wounds.
  7500 | D:7      | HP: 18/105 [orc priest/divine providence (14)]
  7501 | D:7      | 7501 ||| DRINKING potion of heal wounds.
  7652 | D:7      | 7652 ||| Stepping ~*~*~tactically~*~*~ (hiding).
  7727 | D:9      | 7727 ||| Stepping ~*~*~tactically~*~*~ (stealth).
  7728 | D:9      | 7728 ||| Stepping ~*~*~tactically~*~*~ (stealth).
  7808 | D:9      | Found Uciuta Xaiq's Book Emporium.
  7808 | D:9      | Found Vorghil's Magic Scroll Shoppe.
  7809 | D:9      | 7809 ||| Stepping ~*~*~tactically~*~*~ (hiding).
  7810 | D:9      | Found Peru's General Store.
  7824 | D:9      | 7824 ||| BUYING scroll of enchant armour (97 gold).
  7824 | D:9      | Bought a scroll of enchant armour for 97 gold pieces
  7824 | D:9      | 7824 ||| BUYING scroll of identify (26 gold).
  7824 | D:9      | Bought a scroll of identify for 26 gold pieces
  7826 | D:9      | 7826 ||| BUYING potion of heal wounds (55 gold).
  7826 | D:9      | Bought a potion of heal wounds for 55 gold pieces
  7826 | D:9      | 7826 ||| BUYING potion of resistance (110 gold).
  7826 | D:9      | Bought a potion of resistance for 110 gold pieces
  7826 | D:9      | 7826 ||| BUYING scroll of teleportation (33 gold).
  7826 | D:9      | Bought a scroll of teleportation for 33 gold pieces
  7852 | D:9      | Found a broken altar of Ashenzari.
  7868 | D:9      | Found an ornate altar of the Wu Jian Council.
  7900 | D:9      | 7900 ||| FLEEEEING.
  7901 | D:9      | 7901 ||| FLEEEEING.
  7902 | D:9      | 7902 ||| FLEEEEING.
  7908 | D:9      | 7908 ||| Stepping ~*~*~tactically~*~*~ (hiding).
  7985 | D:9      | 7985 ||| INVOKING Fiery Armour.
  7991 | D:9      | HP: 22/105 [very large slime creature (32)]
  7992 | D:9      | 7992 ||| READING 2 scrolls of teleportation.
  7993 | D:9      | 7993 ||| DRINKING potion of heal wounds.
  7995 | D:9      | HP: 2/105 [very large slime creature (15)]
  7997 | D:9      | Reached skill level 6 in Shields
  8035 | D:9      | 8035 ||| FLEEEEING.
  8040 | D:9      | 8040 ||| FLEEEEING.
  8041 | D:9      | 8041 ||| FLEEEEING.
  8042 | D:9      | 8042 ||| FLEEEEING.
  8043 | D:9      | 8043 ||| FLEEEEING.
  8047 | D:9      | 8047 ||| FLEEEEING.
  8048 | D:9      | 8048 ||| FLEEEEING.
  8049 | D:9      | 8049 ||| FLEEEEING.
  8050 | D:9      | 8050 ||| FLEEEEING.
  8051 | D:9      | 8051 ||| FLEEEEING.
  8052 | D:9      | 8052 ||| FLEEEEING.
  8053 | D:9      | 8053 ||| FLEEEEING.
  8054 | D:9      | 8054 ||| FLEEEEING.
  8055 | D:9      | 8055 ||| FLEEEEING.
  8056 | D:9      | 8056 ||| FLEEEEING.
  8057 | D:9      | 8057 ||| FLEEEEING.
  8061 | D:9      | 8061 ||| STAIRDANCE
  8175 | D:9      | Noticed a two-headed ogre
  8178 | D:9      | Killed a two-headed ogre
  8185 | D:9      | 8185 ||| Stepping ~*~*~tactically~*~*~ (outnumbered).
  8186 | D:9      | 8186 ||| Stepping ~*~*~tactically~*~*~ (outnumbered).
  8187 | D:9      | 8187 ||| Stepping ~*~*~tactically~*~*~ (outnumbered).
  8229 | D:9      | 8229 ||| Stepping ~*~*~tactically~*~*~ (stealth).
  8241 | D:9      | 8241 ||| Stepping ~*~*~tactically~*~*~ (outnumbered).
  8243 | D:9      | 8243 ||| Stepping ~*~*~tactically~*~*~ (outnumbered).
  8251 | D:9      | 8251 ||| INVOKING Fiery Armour.
  8259 | D:9      | HP: 24/105 [orc warrior/+0 war axe (5)]
  8260 | D:9      | 8260 ||| READING scroll of teleportation.
  8261 | D:9      | HP: 4/105 [orc warrior/+0 war axe (8)]
  8315 | D:9      | Noticed a two-headed ogre
  8320 | D:9      | 8320 ||| Stepping ~*~*~tactically~*~*~ (hiding).
  8322 | D:9      | Killed a two-headed ogre
  8324 | D:9      | 8324 ||| Stepping ~*~*~tactically~*~*~ (hiding).
  8391 | D:9      | 8391 ||| Stepping ~*~*~tactically~*~*~ (stealth).
  8396 | D:9      | 8396 ||| Stepping ~*~*~tactically~*~*~ (stealth).
  8407 | D:9      | 8407 ||| Stepping ~*~*~tactically~*~*~ (stealth).
  8696 | D:9      | 8696 ||| Stepping ~*~*~tactically~*~*~ (stealth).
  8770 | D:9      | Found a staircase to the Orcish Mines.
  8837 | D:10     | Entered Level 10 of the Dungeon
  9045 | D:10     | 9045 ||| FLEEEEING.
  9046 | D:10     | 9046 ||| FLEEEEING.
  9047 | D:10     | 9047 ||| FLEEEEING.
  9048 | D:10     | 9048 ||| FLEEEEING.
  9049 | D:10     | 9049 ||| FLEEEEING.
  9050 | D:10     | 9050 ||| FLEEEEING.
  9051 | D:10     | 9051 ||| FLEEEEING.
  9052 | D:10     | 9052 ||| FLEEEEING.
  9053 | D:10     | 9053 ||| FLEEEEING.
  9054 | D:10     | 9054 ||| FLEEEEING.
  9055 | D:10     | 9055 ||| FLEEEEING.
  9056 | D:10     | 9056 ||| FLEEEEING.
  9057 | D:10     | 9057 ||| FLEEEEING.
  9058 | D:10     | 9058 ||| FLEEEEING.
  9059 | D:10     | 9059 ||| FLEEEEING.
  9060 | D:10     | 9060 ||| FLEEEEING.
  9061 | D:10     | 9061 ||| FLEEEEING.
  9062 | D:10     | 9062 ||| FLEEEEING.
  9063 | D:10     | 9063 ||| FLEEEEING.
  9064 | D:10     | 9064 ||| FLEEEEING.
  9065 | D:10     | 9065 ||| FLEEEEING.
  9066 | D:10     | 9066 ||| FLEEEEING.
  9067 | D:10     | 9067 ||| FLEEEEING.
  9068 | D:10     | 9068 ||| FLEEEEING.
  9069 | D:10     | 9069 ||| FLEEEEING.
  9071 | D:10     | 9071 ||| FLEEEEING.
  9072 | D:10     | 9072 ||| Stepping ~*~*~tactically~*~*~ (hiding).
  9078 | D:10     | 9078 ||| INVOKING Fiery Armour.
  9079 | D:10     | 9079 ||| Stepping ~*~*~tactically~*~*~ (outnumbered).
  9083 | D:10     | Reached XP level 12. HP: 98/114 MP: 12/12
  9084 | D:10     | 9084 ||| Stepping ~*~*~tactically~*~*~ (outnumbered).
  9098 | D:10     | Reached skill level 9 in Shields
  9102 | D:10     | 9102 ||| Stepping ~*~*~tactically~*~*~ (hiding).
  9105 | D:10     | 9105 ||| Stepping ~*~*~tactically~*~*~ (hiding).
  9172 | D:10     | Identified the amulet of the Grinning Augurer {Will+ Regen+
                  | Int+2}
  9173 | D:10     | 9173 ||| Stepping ~*~*~tactically~*~*~ (stealth).
  9174 | D:10     | 9174 ||| Stepping ~*~*~tactically~*~*~ (stealth).
  9177 | D:10     | 9177 ||| Stepping ~*~*~tactically~*~*~ (stealth).
  9178 | D:10     | 9178 ||| Stepping ~*~*~tactically~*~*~ (stealth).
  9243 | D:10     | Noticed an ogre mage
  9243 | D:10     | Noticed a centaur warrior
  9244 | D:10     | 9244 ||| Stepping ~*~*~tactically~*~*~ (outnumbered).
  9245 | D:10     | Identified the ring "Maafumixt" {Fly rElec rCorr Int+4
                  | Slay-3}
  9245 | D:10     | Noticed a centaur warrior
  9249 | D:10     | Killed a centaur warrior
  9250 | D:10     | 9250 ||| Stepping ~*~*~tactically~*~*~ (hiding).
  9252 | D:10     | Identified the amulet of Kycace {Regen+ Int+6}
  9253 | D:10     | 9253 ||| INVOKING Fiery Armour.
  9254 | D:10     | 9254 ||| Stepping ~*~*~tactically~*~*~ (outnumbered).
  9260 | D:10     | Killed a centaur warrior
  9264 | D:10     | HP: 26/114 [culicivora (shapeshifter) (3)]
  9266 | Abyss:2  | Found a corrupted altar of Lugonu.
  9266 | Abyss:2  | Found a radiant altar of Vehumet.
  9266 | Abyss:2  | Cast into level 2 of the Abyss (a wizard)
  9274 | Abyss:2  | Noticed a starcursed mass
  9282 | Abyss:2  | HP: 26/114 [starcursed mass/accursed screaming (7)]
  9288 | Abyss:2  | Killed a starcursed mass
  9289 | Abyss:2  | 9289 ||| Stepping ~*~*~tactically~*~*~ (outnumbered).
  9290 | Abyss:2  | HP: 16/114 [smoke demon/divine providence (9)]
  9291 | Abyss:2  | Killed a starcursed mass
  9294 | Abyss:2  | 9294 ||| UPGRADING to amulet of the Grinning Augurer {Will+
                  | Regen+ Int+2}.
  9294 | Abyss:2  | HP: 6/114 [burnt (3)]
  9313 | Abyss:2  | HP: 19/114 [large abomination (8)]
  9329 | Abyss:2  | Noticed a red very ugly thing
  9329 | Abyss:2  | Noticed a red very ugly thing
  9329 | Abyss:2  | Noticed a red very ugly thing
  9333 | Abyss:2  | Noticed a red very ugly thing
  9334 | Abyss:2  | 9334 ||| Stepping ~*~*~tactically~*~*~ (outnumbered).
  9338 | Abyss:2  | 9338 ||| Stepping ~*~*~tactically~*~*~ (outnumbered).
  9340 | Abyss:2  | HP: 27/114 [red very ugly thing (14)]
  9342 | Abyss:2  | Slain by a purple very ugly thing

Levels and vault maps discovered:
D:1:      dpeg_arrival_caged_fury, layout_basic,
          ebering_ecumenical_altar_abandoned, minmay_misc_feat_square,
          minmay_misc_feat_diagonals, dreamdust_princess_bridge,
          minmay_misc_feat_five
D:2:      layout_basic, solitary_fountain
D:3:      layout_basic, grunt_gozag_breadcrumbs,
          mainiacjoe_overflow_concentric_impassable, uniq_sigmund, uniq_natasha,
          uniq_terence
D:4:      kennysheep_slugbush, layout_loops_ring
D:5:      layout_rooms, serial_shops, nicolae_take_the_stairs,
          minmay_manual_macuahuitl
D:6:      layout_rooms, minivault_14, uniq_crazy_yiuf_cottage
D:7:      minmay_klotski, layout_loops_ring, mainiacjoe_overflow_alcove_2,
          nicolae_qazlal_style_of_elements, minmay_temple_entry_glass
D:8:      layout_loops_cross, enter_bailey_2,
          eino_small_chamber_without_monster, nicolae_shop_unique_rings,
          minmay_evil_grid, uniq_erica
D:9:      layout_loops_cross, gammafunk_temple_overflow_statue,
          kennysheep_orc_monster_closet_entryway, nicolae_wooded_promenade
D:10:     minmay_the_grid_triangle_9x9_rhombus_thin
          [minmay_the_grid_triangle_9x9_odd_lines,
          minmay_the_grid_triangle_9x9_prize_special,
          minmay_the_grid_triangle_9x9_swiss_cheese,
          minmay_the_grid_triangle_9x9_wacky_v], layout_loops_ring,
          nzn_hepliaklqana_mist_gate, lair_entry_dummy
Abyss:2:  base:
Temple

Skill      XL: |  1  2  3  4  5  6  7  8  9 10 11 12 |
---------------+-------------------------------------+-----
Unarmed Combat | 4 5 6 8 9 11 13 15 | 15.4
Fighting       | 3 4 5 6 |  6.2
Dodging        | 1 |  1.2
Throwing       | 1 2 |  2.7
Shields        | 8 10 | 10.5
Spellcasting   | |  1.0
Fire Magic     | |  2.1

Action                   |  1- 3 |  4- 6 |  7- 9 | 10-12 || total
-------------------------+-------+-------+-------+-------++-------
Melee: Unarmed           |   117 |   128 |   203 |   387 ||   835
       Punch             |       |     2 |    10 |     2 ||    14
Throw: Boomerang         |       |       |    45 |    89 ||   134
Invok: Fiery Armour      |     1 |     1 |     3 |     7 ||    12
  Use: Scroll            |     9 |     4 |     8 |     5 ||    26
       Potion            |       |     1 |     2 |     5 ||     8
 Stab: Distracted        |       |       |       |     1 ||     1
Armor: Robe              |    41 |    43 |    52 |   148 ||   284
Dodge: Dodged            |    38 |    46 |    60 |    99 ||   243
Block: Kite shield       |       |       |       |    85 ||    85

Table legend:
 A = Non-vault XP
 B = Vault XP
 C = Vault XP percentage of total XP
 D = Non-vault monster count
 E = Vault monster count
 F = Vault count percentage of total count
                 A         B        C        D         E       F
            +---------+---------+-------+---------+---------+-------
      Total |   12966 |   14421 |  52.7 |     224 |      61 |  21.4
            +---------+---------+-------+---------+---------+-------
        D:1 |      38 |       0 |   0.0 |      24 |       0 |   0.0
        D:2 |      23 |       0 |   0.0 |      12 |       0 |   0.0
        D:3 |      91 |     294 |  76.4 |      21 |       3 |  12.5
        D:4 |     361 |     120 |  24.9 |      24 |       9 |  27.3
        D:5 |     355 |     233 |  39.6 |      11 |       4 |  26.7
        D:6 |    1411 |       0 |   0.0 |      27 |       0 |   0.0
        D:7 |    1519 |    3570 |  70.2 |      23 |      12 |  34.3
        D:8 |    2083 |    5813 |  73.6 |      29 |       9 |  23.7
        D:9 |    3475 |    1619 |  31.8 |      31 |      18 |  36.7
       D:10 |    1654 |    2772 |  62.6 |      18 |       6 |  25.0
    Abyss:2 |    1956 |       0 |   0.0 |       4 |       0 |   0.0
            +---------+---------+-------+---------+---------+-------
